 Dungeon Crawl Stone Soup version 0.17.0-28-g6e173f8 (webtiles) character file.

168 ketsa the Changer (level 5, 0/37 HPs)
             Began as a Merfolk Transmuter on Nov 29, 2015.
             Succumbed to poison (a potion of poison)
             ... on level 4 of the Dungeon.
             The game lasted 00:07:26 (2987 turns).

ketsa the Changer (Merfolk Transmuter)              Turns: 2987, Time: 00:07:27

Health: 0/37       AC:  7    Str: 10    XL:     5   Next: 49%
Magic:  9/9        EV: 16    Int: 13    God:
Gold:   140        SH:  0    Dex: 15    Spells: 3 memorised, 3 levels left

rFire  . . .     SeeInvis .       - Unarmed
rCold  . . .     Clarity  .     b - +0 robe
rNeg   . . .     SustAt   .     (no shield)
rPois  .         Gourm    +     (no helmet)
rElec  .         Spirit   .     o - +1 cloak
rCorr  .         Warding  .     (no gloves)
rMut   .         Stasis   .     e - +2 pair of boots
MR     .....                    t - amulet of the gourmand
Stlth  +.........               (no ring)
                                k - +2 ring of evasion (curse)

@: lethally poisoned (0 -> -14), not resistant to hostile enchantments, very
unstealthy
A: change form in water, swift swim
a: no special abilities


You were on level 4 of the Dungeon.
You were very full.

You visited 1 branch of the dungeon, and saw 4 of its levels.

You collected 140 gold pieces.

Inventory:

Hand Weapons
 f - a +0 hand axe
 m - a cursed +0 club
 n - a +0 hand axe
Missiles
 a - 12 arrows
 i - 25 arrows of flame
Armour
 b - a +0 robe (worn)
 e - a +2 pair of boots (worn)
 g - a +0 ring mail
 o - a +1 cloak (worn)
 x - a +0 leather armour
Jewellery
 k - a cursed +2 ring of evasion (left hand)
 t - an amulet of the gourmand (around neck)
Scrolls
 j - 7 scrolls of identify {unknown}
 l - 2 scrolls of recharging {unknown}
 p - 2 scrolls of fear {unknown}
 v - a scroll of enchant weapon {unknown}
 w - a scroll of enchant armour {unknown}
 y - 2 scrolls of remove curse {unknown}
 E - a scroll of random uselessness {unknown}
Potions
 r - a potion of agility
 A - a potion of poison
Books
 c - a book of Changes

   Spells                             Type                      Level
   a - Beastly Appendage              Transmutation                1
   b - Sticks to Snakes               Transmutation                2
   c - Spider Form                    Transmutation/Poison         3
   d - Ice Form                       Ice/Transmutation            4
   e - Blade Hands                    Transmutation                5
 z - a book of Flames

   Spells                             Type                      Level
   a - Flame Tongue                   Conjuration/Fire             1
   b - Throw Flame                    Conjuration/Fire             2
   c - Conjure Flame                  Conjuration/Fire             3
   d - Inner Flame                    Hexes/Fire                   3
   e - Sticky Flame                   Conjuration/Fire             4
   f - Fireball                       Conjuration/Fire             5
Comestibles
 d - 3 bread rations
 h - 2 meat rations
 B - a beef jerky
 C - a slice of pizza
 F - a chunk of flesh


   Skills:
 - Level 1.1 Fighting
 + Level 4.3 Dodging
 + Level 4.1 Unarmed Combat
 + Level 2.9 Spellcasting
 * Level 4.4 Transmutations
 + Level 0.9 Poison Magic


You had 3 spell levels left.
You knew the following spells:

 Your Spells              Type           Power        Failure   Level  Hunger
a - Beastly Appendage     Trmt           ##....       4%          1    #......
b - Sticks to Snakes      Trmt           ##........   8%          2    ###....
c - Spider Form           Trmt/Pois      #.........   28%         3    ###....


Dungeon Overview and Level Annotations

Branches:
Dungeon (4/15)
 Temple: D:4-7

Altars:
Fedhas
Gozag
Kikubaaqudgha
Sif Muna

Annotations:
D:2 Sigmund
D:3 Lathuz's ghost, amateur DECj


Message History

You aren't carrying any items that can be evoked.
Put on which piece of jewellery? (? for menu, Esc to quit)
Okay, then.
There is a lethal amount of poison in your body!
* * * LOW HITPOINT WARNING * * *
You feel sick.
* * * LOW HITPOINT WARNING * * *
You feel sick.
There is an open door here.
* * * LOW HITPOINT WARNING * * *
You feel sick.
* * * LOW HITPOINT WARNING * * *
You feel sick.
* * * LOW HITPOINT WARNING * * *
You feel sick.
* * * LOW HITPOINT WARNING * * *
You feel sick.
* * * LOW HITPOINT WARNING * * *
You feel sick.
You die...

#.......#
#.......#
####'#..#
#.#..#
#.#..#
#.#..#
#.# .#
#.# #@#
#<# ###


There were no monsters in sight!

Vanquished Creatures
  A scorpion (D:4)
  5 adders
  2 oozes (D:1)
  3 giant geckos
  An orc (D:3)
  A ball python (D:2)
  8 bats
  3 giant cockroaches
  6 goblins
  5 hobgoblins
  4 jackals (D:1)
  6 kobolds
  4 quokkas
  6 giant newts
  10 rats
65 creatures vanquished.

Notes
Turn   | Place    | Note
--------------------------------------------------------------
     0 | D:1      | ketsa the Merfolk Transmuter began the quest for the Orb.
     0 | D:1      | Reached XP level 1. HP: 15/15 MP: 3/3
   249 | D:1      | Reached XP level 2. HP: 21/21 MP: 3/5
   254 | D:1      | Learned a level 2 spell: Sticks to Snakes
  1022 | D:1      | Reached XP level 3. HP: 26/26 MP: 4/6
  1459 | D:2      | Noticed Sigmund
  1550 | D:2      | Found an ancient bone altar of Kikubaaqudgha.
  1579 | D:2      | Found a blossoming altar of Fedhas.
  1791 | D:2      | Reached XP level 4. HP: 32/32 MP: 5/7
  1883 | D:2      | Found a deep blue altar of Sif Muna.
  1883 | D:2      | Found an opulent altar of Gozag.
  2342 | D:3      | Reached skill level 4 in Unarmed Combat
  2462 | D:3      | Learned a level 3 spell: Spider Form
  2671 | D:3      | Reached XP level 5. HP: 37/37 MP: 9/9
  2723 | D:3      | Noticed Lathuz's ghost (amateur DECj)
  2987 | D:4      | Succumbed to poison (a potion of poison)

Action                   |  1- 3 |  4- 6 || total
-------------------------+-------+-------++-------
Melee: Unarmed           |   129 |    81 ||   210
 Cast: Beastly Appendage |    26 |    14 ||    40
  Use: Potion            |       |     7 ||     7
  Eat: Chunk             |    14 |     3 ||    17
